 Dungeon Crawl Stone Soup version 0.31-a0-229-g1fc7ce93e2 (webtiles) character file.

Game seed: 15741083016894522764

507 qw the Shooter (level 7, -1/43 HPs)
             Began as a Gargoyle Hexslinger on July 6, 2023.
             Slain by a gnoll
             ... wielding a +1 flail of protection
             ... led by a gnoll bouda
              (10 damage)
             ... on level 5 of the Dungeon.
             The game lasted 00:01:11 (3220 turns).

qw the Shooter (Gargoyle Hexslinger)                Turns: 3220, Time: 00:01:11

Health: -1/43      AC: 14    Str: 11    XL:     7   Next: 18%
Magic:  8/8        EV: 10    Int: 14    God:
Gold:   163        SH:  0    Dex: 14    Spells: 7/8 levels left

rFire   . . .        Y - +1 sling
rCold   + . .        (no shield)
rNeg    + . .        b - +2 ring mail {rC+}
rPois   inf          (no helmet)
rElec   +            (no cloak)
rCorr   .            (no gloves)
SInv    .            f - +1 pair of boots
Will    .....        (no amulet)
Stlth   +            (no ring)
HPRegen 0.27/turn    (no ring)
MPRegen 0.11/turn

%: no passive effects
@: no status effects
A: sickness immunity, AC +4, negative energy resistance 1, electricity
resistance, torment resistance 1, petrification resistance
a: no special abilities


You were on level 5 of the Dungeon.
You visited 1 branch of the dungeon, and saw 5 of its levels.

You collected 163 gold pieces.


Innate Abilities, Weirdness & Mutations

You are immune to sickness and miasma.
Your stone body is resilient. (AC +4)
You are immune to poison.
You resist negative energy. (rN+)
You are resistant to electric shocks. (rElec)
You are resistant to unholy torment.
You are immune to petrification.


   Skills:
 - Level 4.2 Fighting
 + Level 6.0 Ranged Weapons
 - Level 2.2 Armour
 - Level 1.5 Dodging
 - Level 1.0 Spellcasting
 - Level 2.6 Hexes


You had 7 spell levels left.
You knew the following spells:

 Your Spells              Type           Power      Damage    Failure   Level
a - Slow                  Hex            32%        N/A       21%         1

Your spell library contained the following spells:

 Spells                   Type           Power      Damage    Failure   Level
 Inner Flame              Hex/Fire       4%         N/A       71%         3
 Portal Projectile        Hex/Tloc       8%         N/A       71%         3
 Cause Fear               Hex            4%         N/A       90%         4

Inventory:

Hand Weapons
 Y - a +1 sling (weapon)
Armour
 b - a +2 ring mail of cold resistance (worn)
 f - a +1 pair of boots (worn)
 i - a +2 robe of willpower
Scrolls
 g - a scroll of identify
Potions
 a - a potion of mutation
 c - a potion of resistance {unknown}
 h - a potion of degeneration {unknown}
 j - a potion of haste {unknown}

Dungeon Overview and Level Annotations

Branches:
Dungeon (5/15)
 Temple: D:4-7

Altars:
Elyvilon
Nemelex Xobeh
Zin


Message History

The sling bullet barely misses the gnoll bouda.
The gnoll hits you but does no damage. x2; The gnoll bouda barely misses you.
You shoot a sling bullet.
The sling bullet barely misses the gnoll bouda.
The gnoll barely misses you.
The gnoll hits you from afar with a +0 spear.
The gnoll bouda hits you with a +0 whip.
The gnoll barely misses you. x2
You shoot a sling bullet.
The sling bullet barely misses the gnoll bouda.
The gnoll bouda barks out a call to the hunt!
The gnoll picks up the pace!
The gnoll barely misses you.
The gnoll hits you from afar with a +0 spear.
You shoot a sling bullet.
The sling bullet hits the gnoll bouda but does no damage.
The gnoll bouda is moderately wounded.
The gnoll is no longer moving quickly.
The gnoll bouda barks out a call to the hunt!
The gnolls pick up the pace!
The gnoll closely misses you. The gnoll hits you but does no damage.
The gnoll bouda hits you but does no damage.
You shoot a sling bullet.
The sling bullet barely misses the gnoll bouda.
The gnoll hits you with a +1 flail of protection.
The gnoll hits you but does no damage.
The gnoll bouda hits you but does no damage.
You shoot a sling bullet.
The sling bullet closely misses the gnoll bouda.
The gnoll misses you. The gnoll barely misses you.
The gnoll bouda barely misses you.
You shoot a sling bullet.
The sling bullet barely misses the gnoll bouda.
The gnoll is no longer moving quickly.
The gnoll hits you with a +1 flail of protection.
The gnoll hits you from afar with a +0 spear.
The gnoll bouda barely misses you.
The gnoll hits you from afar with a +0 spear.
The gnoll hits you with a +1 flail of protection!
You die...

## #.. .... #####
## $...g##.^.##.>.
....gggg.......
#######@.......
..##...<##........
..................
..##..............
#...............
#.....##...##...
########...# ...
...... .. .......


You could see a gnoll bouda and 4 gnolls.

Vanquished Creatures
  Sigmund (D:3)
  An ogre (D:4)
  A scorpion (D:4)
  A jelly (D:4)
  A hound (D:4)
  An iguana (D:4)
  7 adders
  An ufetubus (D:3)
  2 worms (D:3)
  A dart slug (D:1)
  2 orcs (D:4)
  5 ball pythons
  5 bats
  5 endoplasms
  3 giant cockroaches
  9 goblins
  4 hobgoblins
  6 kobolds
  4 quokkas
  2 frilled lizards
  2 rats
64 creatures vanquished.

Notes
Turn   | Place    | Note
-------+----------+-------------------------------------------
     0 | D:1      | qw the Gargoyle Hexslinger began the quest for the Orb.
     0 | D:1      | Reached XP level 1. HP: 12/12 MP: 2/2
     0 | D:1      | 0 ||| qw: Version: 0.3-a-46-gb1f654a
     0 | D:1      | 0 ||| qw: Game counter: 1322
     0 | D:1      | 0 ||| qw: Melee chars always use a shield: true
     0 | D:1      | 0 ||| qw: God list: Okawaru
     0 | D:1      | 0 ||| qw: Allow faded altars: false
     0 | D:1      | 0 ||| qw: Do Orc after clearing Dungeon:15 true
     0 | D:1      | 0 ||| qw: Do second Lair branch before Depths: true
     0 | D:1      | 0 ||| qw: Lair rune preference: random
     0 | D:1      | 0 ||| qw: Goals: Normal
     0 | D:1      | 0 ||| PLANNING D:1-11
   148 | D:1      | Reached XP level 2. HP: 16/16 MP: 3/3
   171 | D:1      | Reached skill level 3 in Ranged Weapons
   492 | D:1      | 492 ||| UPGRADING to +0 leather armour.
   502 | D:1      | 502 ||| DROPPING +0 robe.
   503 | D:1      | 503 ||| UPGRADING to +0 pair of boots.
   508 | D:1      | 508 ||| DROPPING ring of flight.
   509 | D:1      | 509 ||| READING scroll labelled TEINLI WEINWI.
   510 | D:1      | 510 ||| DROPPING scroll of poison.
   524 | D:2      | 524 ||| STAIRDANCE
   750 | D:2      | Reached XP level 3. HP: 21/21 MP: 4/4
  1148 | D:2      | 1148 ||| READING scroll labelled XORGHI LIZXIPT.
  1163 | D:2      | 1163 ||| READING scroll labelled ARUIWAL BOINK.
  1185 | D:3      | 1185 ||| PLANNING SEWER
  1397 | D:3      | Reached XP level 4. HP: 26/26 MP: 5/5
  1425 | D:3      | Noticed Sigmund
  1435 | D:3      | HP: 3/26 [something/magic dart (6)]
  1437 | D:3      | Killed Sigmund
  1438 | D:3      | Reached skill level 5 in Ranged Weapons
  1438 | D:3      | Reached XP level 5. HP: 4/30 MP: 6/6
  1689 | D:3      | Found a faded altar of an unknown god.
  1716 | D:3      | Reached XP level 6. HP: 36/36 MP: 7/7
  1874 | D:3      | 1874 ||| Stepping ~*~*~tactically~*~*~ (water).
  1892 | D:3      | 1892 ||| RIP SEWER
  1893 | D:3      | 1893 ||| PLANNING D:1-11
  1975 | D:3      | Reached skill level 3 in Fighting
  2155 | D:3      | Found a sparkling altar of Nemelex Xobeh.
  2256 | D:3      | 2256 ||| UPGRADING to +2 robe of willpower.
  2266 | D:3      | 2266 ||| DROPPING +0 leather armour.
  2267 | D:3      | 2267 ||| READING scroll labelled AKKODWISOU.
  2268 | D:3      | 2268 ||| READING 2 scrolls labelled QOGHYE TOXZO.
  2269 | D:3      | 2269 ||| READING scroll of enchant armour.
  2269 | D:3      | 2269 ||| ENCHANTING +0 pair of boots.
  2270 | D:3      | 2270 ||| READING scroll labelled YZXUNO RIURHAI.
  2271 | D:3      | 2271 ||| DRINKING 2 viscous purple potions.
  2534 | D:4      | Reached skill level 6 in Ranged Weapons
  2612 | D:4      | Found a white marble altar of Elyvilon.
  2887 | D:4      | Found a glowing silver altar of Zin.
  2995 | D:4      | 2995 ||| UPGRADING to +2 ring mail of cold resistance.
  3005 | D:4      | 3005 ||| READING 2 scrolls of identify.
  3005 | D:4      | 3005 ||| IDENTIFYING smoky orange potion
  3032 | D:5      | Entered Level 5 of the Dungeon
  3036 | D:5      | 3036 ||| STAIRDANCE
  3038 | D:4      | HP: 9/38 [ogre/+0 giant club (22)]
  3039 | D:4      | 3039 ||| DRINKING potion of heal wounds.
  3039 | D:4      | HP: 1/38 [ogre/+0 giant club (27)]
  3043 | D:4      | Reached XP level 7. HP: 2/43 MP: 8/8
  3205 | D:5      | 3205 ||| Stepping ~*~*~tactically~*~*~ (outnumbered).
  3220 | D:5      | HP: 10/43 [gnoll/+0 spear[a gnoll bouda] (4)]
  3220 | D:5      | Slain by a gnoll

Levels and vault maps discovered:
D:1:      minmay_arrival_radiant_lines, layout_basic
D:2:      layout_basic
D:3:      layout_loops_ring, mainiacjoe_overflow_alcove_1,
          shapermc_ecumenical_altar_petra, gup_sewer_entry_spiral, uniq_sigmund
D:4:      layout_loops_ring, kennysheep_mini, zin_treasury
D:5:      layout_gridville, minmay_hollow_rounded_squares,
          uniq_crazy_yiuf_cottage

Skill      XL: |  1  2  3  4  5  6 |
---------------+-------------------+-----
Ranged Weapons | 3 5 6 |  6.0
Fighting       | 2 4 |  4.2
Armour         | 2 |  2.2
Dodging        | |  1.5
Spellcasting   | |  1.0
Hexes          | |  2.6

Action                     |  1- 3 |  4- 6 |  7- 9 || total
---------------------------+-------+-------+-------++-------
   Fire: Sling             |   121 |   164 |    17 ||   302
    Use: Scroll            |     3 |     5 |       ||     8
         Potion            |       |     2 |       ||     2
 Armour: Robe              |     3 |    22 |       ||    25
         Leather armour    |    24 |    18 |       ||    42
         Ring mail         |       |       |     9 ||     9
  Dodge: Dodged            |    45 |    41 |    12 ||    98

Table legend:
 A = Non-vault XP
 B = Vault XP
 C = Vault XP percentage of total XP
 D = Non-vault monster count
 E = Vault monster count
 F = Vault count percentage of total count
                 A         B        C        D         E       F
            +---------+---------+-------+---------+---------+-------
      Total |     496 |     229 |  31.6 |      58 |       6 |   9.4
            +---------+---------+-------+---------+---------+-------
        D:1 |      26 |       0 |   0.0 |      13 |       0 |   0.0
        D:2 |      23 |       0 |   0.0 |       8 |       0 |   0.0
        D:3 |      70 |     229 |  76.6 |      16 |       6 |  27.3
        D:4 |     377 |       0 |   0.0 |      21 |       0 |   0.0
            +---------+---------+-------+---------+---------+-------
